 Dungeon Crawl Stone Soup version 0.22-a0-1003-g31bc37a (webtiles) character file.

5026 cirnu the Cleaver (level 10, -1/84 HPs)
             Began as an Abomination Chaos Knight on Dec 7, 2020.
             Was a High Priest of Jiyva.
             Slain by a yak (16 damage)
             ... on level 9 of the Dungeon on Dec 10, 2020.
             The game lasted 00:33:36 (6330 turns).

cirnu the Cleaver (Abomination Chaos Knight)        Turns: 6330, Time: 00:33:36

Health: -1/84      AC:  9    Str: 15    XL:     10   Next: 84%
Magic:  11/11      EV: 14    Int:  9    God:    Jiyva [*****.]
Gold:   405        SH:  0    Dex: 12    Spells: 9/9 levels left

rFire    x x x     SeeInvis .   a - +0 hand axe (chaos)
rCold    + . .     Gourm    .   (no shield)
rNeg     + . .     Faith    .   b - +2 leather armour
rPois    .         Spirit   .   (no helmet)
rElec    .         Reflect  .   l - +0 cloak
rCorr    +         Harm     .   (gloves unavailable)
MR       .....                  (no boots)
Stlth    +++.......             h - amulet of the acrobat
HPRegen  0.64/turn              (ring unavailable)
MPRegen  0.12/turn              (ring unavailable)

@: no status effects
A: tentacle arms, two strong arms, no magic resistence, amphibious, 8 rings,
deterioration 1, sense surroundings 1, regeneration 1, translucent skin 1, heat
vulnerability 2
a: Request Jelly, Slimify, Cure Bad Mutation, Renounce Religion


You were on level 9 of the Dungeon.
You worshipped Jiyva.
Jiyva was extremely pleased with you.
You were not hungry.
You have taken no pledge.
You visited 1 branch of the dungeon, and saw 9 of its levels.

You collected 405 gold pieces.

Inventory:

Hand Weapons
 a - a +0 hand axe of chaos (weapon)
Armour
 b - a +2 leather armour (worn)
 l - a +0 cloak (worn)
 s - a +2 cloak
 G - the +2 robe of Moschy {rC+ MP+9}
   (You found it on level 7 of the Dungeon)

   It protects you from cold.
   It affects your magic capacity (+9).
Jewellery
 h - an amulet of the acrobat (around neck)
 o - a +3 ring of protection (left tentacle)
 p - an uncursed amulet of the acrobat
 v - a ring of positive energy (right tentacle)
 z - a ring of stealth (on tentacle)
 E - a ring of ice (on tentacle)
Wands
 f - a wand of random effects (36)
 x - a wand of iceblast (11)
 y - a wand of acid (3)
Scrolls
 g - 2 scrolls of magic mapping {unknown}
 j - 2 scrolls of teleportation {unknown}
 m - 3 scrolls of amnesia {unknown}
 n - 3 scrolls of enchant weapon {unknown}
 q - a scroll of random uselessness {unknown}
 r - a scroll of enchant armour {unknown}
 t - a scroll of fear {unknown}
 w - 4 scrolls of remove curse {unknown}
 C - a scroll of fog {unknown}
 F - a scroll of recharging {unknown}
 I - a scroll of brand weapon {unknown}
Potions
 d - 4 potions of flight
 e - 5 potions of curing
 i - 5 potions of brilliance
 k - a potion of agility
 A - 3 potions of restore abilities
 B - a potion of might {unknown}
 D - a potion of mutation {unknown}
Comestibles
 c - 20 rations


   Skills:
 + Level 6.6 Fighting
 + Level 9.6 Axes
 + Level 3.9 Armour
 + Level 5.3 Dodging
 + Level 3.8 Stealth
 + Level 0.3 Evocations


You had 9 spell levels left.
You didn't know any spells.
Your spell library contained the following spells:

 Spells                   Type           Power        Failure   Level  Hunger
 Magic Dart               Conj           #...         45%         1    ##.....
 Apportation              Tloc           #.....       45%         1    ##.....
 Conjure Flame            Conj/Fire      #.......     83%         3    ####...
 Slow                     Hex            #.......     58%         2    ###....
 Mephitic Cloud           Conj/Pois/Air  #.......     83%         3    ####...
 Summon Small Mammal      Summ           #...         45%         1    ##.....
 Blink                    Tloc           N/A          58%         2    ###....
 Animate Skeleton         Necr           N/A          45%         1    ##.....
 Call Imp                 Summ           #.......     58%         2    ###....
 Repel Missiles           Chrm/Air       #.....       58%         2    ###....
 Confusing Touch          Hex            #.....       45%         1    ##.....


Dungeon Overview and Level Annotations

Branches:
Dungeon (9/15)             Temple (0/1) D:7            Lair (0/6) D:9
    Orc: D:9-12

Altars:
Fedhas
Gozag
Jiyva
Kikubaaqudgha
Makhleb
Nemelex Xobeh
Ru
Trog
Uskayaw
Yredelemnul
The Shining One

Shops:
D:4 :   D:5 [   D:7 %


Innate Abilities, Weirdness & Mutations

You have a mass of tentacles for a left arm.
You have two strong right arms.
Your body has no innate resistence to magic.
You have gills and webbed feet.
You can wear up to eight rings at the same time.
Your natural rate of healing is unusually fast.
You are very vulnerable to heat. (rF--)
Your body sometimes deteriorates upon taking damage.
You passively map a small area around you.
Your translucent skin slightly reduces your foes' accuracy. (Stealth)


Message History

Things that are here:
a yak corpse x2
You hear a slurping noise.
Jiyva appreciates your sacrifice.
You feel a little less hungry.
You feel better. Jiyva appreciates your sacrifice.
You feel a little less hungry.
The jelly splits in two!
There is a strange disturbance nearby!
There is a strange disturbance nearby!
Something closely misses you.
Deactivating autopickup; reactivate with Ctrl-A.
You barely miss something. Something gores you!
* * * LOW HITPOINT WARNING * * *
You completely miss something. You hit something.
You feel better. Something gores you!
* * * LOW HITPOINT WARNING * * *
You hit something but do no damage. Something gores you!
You die... "It's all fun and games until someone loses an eye."

#.#................
#..........#..#### *
...................,
Y....##...........##*
*
,.##..*#............#
,* #.# #.............
* . ######..##.#.
#.{##.##* #..@...#
#####..# ....# *#...#
* ##.# ## ,


There were no monsters in sight!

Vanquished Creatures
  A two-headed ogre (D:8)
  Pikel (D:4)
  A hippogriff (D:8)
  3 yaks (D:9)
  Edmund (D:6)
  Menkaure (D:6)
  A water moccasin (D:7)
  The ghost of Charun the Sneak, an amateur VSEn (D:3)
  2 sky beasts
  A phantom (D:6)
  A black bear (D:9)
  2 centaurs
  2 ogres
  3 crocodiles
  7 bullfrogs
  A gnoll sergeant (D:7)
  2 scorpions
  A water moccasin skeleton (D:4)
  2 electric eels (D:7)
  A howler monkey (D:7)
  A centaur zombie (D:8)
  A crimson imp (D:6)
  A bullfrog zombie (D:9)
  4 orc priests
  6 hounds
  Ijyb (D:3)
  5 iguanas
  11 orc wizards
  4 worker ants
  7 adders
  4 gnolls (D:7)
  3 shadow imps
  An ooze (D:1)
  An adder skeleton (D:9)
  2 worms (D:2)
  5 dart slugs
  4 leopard geckos
  25 orcs
  6 bats
  4 giant cockroaches
  7 goblins
  8 hobgoblins
  7 jackals
  4 quokkas
  A ball python (D:1)
  4 frilled lizards
  A jackal skeleton (D:2)
  8 kobolds
  2 leopard gecko zombies
  6 rats
179 creatures vanquished.

Vanquished Creatures (others)
  2 yaks (D:9)
  A slave (D:4)
  A phantom (D:5)
  A howler monkey (D:3)
  A hound (D:5)
  6 jellies
  2 orc wizards (D:4)
  2 worker ants
  2 adders (D:4)
  A worm (D:5)
  A leopard gecko (D:5)
  5 orcs
  4 jackals (D:5)
  2 frilled lizards (D:4)
31 creatures vanquished.

Grand Total: 210 creatures vanquished

Notes
Turn   | Place    | Note
-------+----------+-------------------------------------------
     0 | D:1      | cirnu the Abomination Chaos Knight began the quest for the Orb.
     0 | D:1      | Reached XP level 1. HP: 19/19 MP: 2/2
    52 | D:1      | Reached skill level 3 in Axes
    58 | D:1      | Reached XP level 2. HP: 24/26 MP: 3/3
    58 | D:1      | XOM: silly message
   207 | D:1      | Reached XP level 3. HP: 27/31 MP: 4/4
   631 | D:1      | XOM: silly message
   812 | D:2      | Found a glowing golden altar of the Shining One.
   814 | D:2      | Found a bloodstained altar of Trog.
   846 | D:2      | Reached XP level 4. HP: 30/38 MP: 5/5
   854 | D:2      | Reached skill level 1 in Dodging
  1094 | D:2      | XOM: potion effect (curing)
  1148 | D:2      | Found a viscous altar of Jiyva.
  1148 | D:2      | Found an opulent altar of Gozag.
  1153 | D:2      | Found a burning altar of Makhleb.
  1209 | D:2      | Found a bloodstained altar of Trog.
  1275 | D:3      | XOM: cloud trail
  1325 | D:3      | Noticed Charun's ghost (amateur VSEn)
  1329 | D:3      | XOM: divination: magic mapping
  1334 | D:3      | XOM: divination: detect creatures
  1335 | D:3      | XOM: enchant monster (good)
  1343 | D:3      | Killed Charun's ghost
  1343 | D:3      | Reached skill level 4 in Axes
  1343 | D:3      | Reached skill level 1 in Stealth
  1343 | D:3      | Reached XP level 5. HP: 36/46 MP: 5/6
  1343 | D:3      | Reached XP level 6. HP: 41/52 MP: 5/7
  1359 | D:3      | Noticed Ijyb
  1362 | D:3      | XOM: enchant monster (bad)
  1373 | D:3      | Killed Ijyb
  1606 | D:3      | XOM: god gift: scroll labeled XAV GAM NUNE {god gift}
  2062 | D:2      | Fell from the grace of Xom
  2062 | D:2      | Became a worshipper of Jiyva Jankif the Shapeless
  2157 | D:4      | Found a blossoming altar of Fedhas.
  2184 | D:4      | Reached XP level 7. HP: 23/59 MP: 8/8
  2235 | D:4      | Reached skill level 5 in Axes
  2311 | D:4      | Found Quno's Book Shoppe.
  2387 | D:4      | Noticed Pikel
  2411 | D:4      | Killed Pikel
  2411 | D:4      | Reached XP level 8. HP: 45/67 MP: 9/9
  2439 | D:4      | Reached * piety under Jiyva
  2498 | D:4      | Reached skill level 6 in Axes
  2511 | D:4      | Reached ** piety under Jiyva
  2823 | D:4      | XOM: medium Pois miscast
  2985 | D:5      | XOM: noise
  2985 | D:5      | Entered Level 5 of the Dungeon
  3078 | D:5      | XOM: mild Tmut miscast
  3114 | D:5      | Reached *** piety under Jiyva
  3206 | D:5      | Gained mutation: You passively map a small area around you. [Jiyva's grace]
  3250 | D:5      | Found a hide-covered altar of Uskayaw.
  3250 | D:5      | Noticed a hand axe
  3250 | D:5      | Noticed a dagger
  3300 | D:5      | Found Lunafrach's Antique Armour Shop.
  3380 | D:5      | Reached **** piety under Jiyva
  3556 | D:5      | Reached skill level 5 in Fighting
  3577 | D:5      | XOM: silly message
  3788 | D:6      | Reached XP level 9. HP: 69/74 MP: 10/10
  4119 | D:6      | XOM: harmless Hex miscast
  4326 | D:6      | Noticed Edmund
  4344 | D:6      | XOM: harmless Conj miscast
  4355 | D:6      | Killed Edmund
  4355 | D:6      | Reached skill level 7 in Axes
  4367 | D:6      | Noticed Menkaure
  4375 | D:6      | Killed Menkaure
  4440 | D:6      | XOM: silly message
  4505 | D:6      | Found a sacrificial altar of Ru.
  4996 | D:7      | Reached skill level 8 in Axes
  5080 | D:7      | Reached XP level 10. HP: 81/83 MP: 10/11
  5114 | D:7      | Found Waptout's Food Boutique.
  5136 | D:7      | Got an opalescent robe
  5147 | D:7      | Identified the +2 robe of Moschy {rC+ MP+9} (You found it on level 7 of the Dungeon)
  5235 | D:7      | XOM: harmless Fire miscast
  5327 | D:7      | Found a staircase to the Ecumenical Temple.
  5419 | D:7      | XOM: silly message
  5533 | D:7      | XOM: harmless Ice miscast
  5667 | D:8      | XOM: noise
  5718 | D:8      | XOM: harmless Erth miscast
  5732 | D:8      | Gained mutation: Your translucent skin slightly reduces your foes' accuracy. (Stealth) [Jiyva's grace]
  5760 | D:8      | Found an ancient bone altar of Kikubaaqudgha.
  5825 | D:8      | Noticed a two-headed ogre
  5841 | D:8      | Killed a two-headed ogre
  5841 | D:8      | Reached skill level 9 in Axes
  5869 | D:8      | XOM: divination: detect creatures
  5877 | D:8      | Reached ***** piety under Jiyva
  5887 | D:8      | Reached skill level 5 in Dodging
  5940 | D:8      | Found a basalt altar of Yredelemnul.
  6189 | D:9      | Gained mutation: Your body sometimes deteriorates upon taking damage. [Jiyva's grace]
  6224 | D:9      | Found a staircase to the Lair.
  6241 | D:9      | Found a sparkling altar of Nemelex Xobeh.
  6330 | D:9      | Slain by a yak

Vault maps used:
D:1:      dpeg_arrival_refuge, st_stairs_10
D:2:      nicolae_overflow_hidden_temple, trog_book
D:3:      st_stairs_11, uniq_ijyb
D:4:      fedhas_bush_and_centaur_altar, serial_shops, kennysheep_mini_moat,
          uniq_pikel
D:5:      dancing_weapons_uskayaw, serial_shops, nicolae_shop_crystal,
          first_ration
D:6:      serial_co_window_serial, co_window_paths_a, co_window_corner_a,
          co_window_corner_a, co_window_of_opportunity_a, co_window_paths_a,
          co_window_broadway_c, co_window_broadway_c, co_window_broadway_b,
          co_window_corner_cb, co_window_2corner, co_window_of_opportunity_c,
          co_window_paths_c, glass_columns_a, hangedman_ru_absence, uniq_edmund,
          uniq_menkaure
D:7:      kennysheep_big_flooded_room, minmay_temple_entry_statues,
          serial_shops, shop, grunt_ogre_cave, kennysheep_flooded_box,
          grunt_ministairs_11
D:8:      lemuel_coloured_pillars_altar, yredelemnul_altar_generic,
          minmay_misc_feat_tiny
D:9:      nemelex_xobeh_ov_fountains_minmay, grunt_temple_overflow_open,
          dpeg_oklobed_lair, serial_shops, shop, nemelex_dance_club_becter

Skill      XL: |  1  2  3  4  5  6  7  8  9 10 |
---------------+-------------------------------+-----
Axes           | 3 4 5 6 8 9 |  9.6
Armour         | 2 3 |  3.9
Dodging        | 1 2 3 4 5 |  5.3
Stealth        | 1 2 3 |  3.8
Fighting       | 4 5 6 |  6.6
Evocations     | |  0.3

Action                   |  1- 3 |  4- 6 |  7- 9 | 10-12 || total
-------------------------+-------+-------+-------+-------++-------
Melee: Hand axe          |    75 |   125 |   302 |   144 ||   646
       Tentacles         |    12 |    22 |    45 |    23 ||   102
Evoke: Wand              |       |       |     4 |       ||     4
  Use: Scroll            |       |     3 |     2 |       ||     5
       Potion            |       |     2 |     1 |     4 ||     7
 Stab: Petrified         |     7 |       |       |       ||     7
       Paralysed         |       |     1 |     3 |     7 ||    11
       Distracted        |       |     1 |       |       ||     1
       Sleeping          |       |       |     6 |     4 ||    10
       Confused          |       |       |     1 |     1 ||     2
  Eat: Ration            |       |     1 |     1 |       ||     2
       Chunk             |       |       |     4 |       ||     4
Armor: Leather armour    |    29 |    39 |   108 |    55 ||   231
Dodge: Dodged            |    52 |   105 |   182 |   181 ||   520

Table legend:
 A = Spawn XP
 B = Non-spawn XP
 C = Spawn XP percentage of total XP
 D = Spawn monster count
 E = Non-spawn monster count
 F = Spawn count percentage of total count
 G = Total turns spent on level
                    A         B        C        D         E        F      G
               +---------+---------+-------+---------+---------+-------+---------
         Total |       0 |    7181 |   0.0 |       0 |     182 |   0.0 |  6330
               +---------+---------+-------+---------+---------+-------+---------
           D:1 |       0 |      50 |   0.0 |       0 |      25 |   0.0 |   743
           D:2 |       0 |      62 |   0.0 |       0 |      19 |   0.0 |   551
           D:3 |       0 |     268 |   0.0 |       0 |      23 |   0.0 |   810
           D:4 |       0 |    1139 |   0.0 |       0 |      24 |   0.0 |   881
           D:5 |       0 |     440 |   0.0 |       0 |      12 |   0.0 |   795
           D:6 |       0 |     994 |   0.0 |       0 |      16 |   0.0 |   846
           D:7 |       0 |    1194 |   0.0 |       0 |      26 |   0.0 |  1041
           D:8 |       0 |    1694 |   0.0 |       0 |      23 |   0.0 |   460
           D:9 |       0 |    1340 |   0.0 |       0 |      14 |   0.0 |   203
               +---------+---------+-------+---------+---------+-------+---------
